 Dungeon Crawl Stone Soup version 0.32-a0-933-ga8fa3634e4 (webtiles) character file.

Game seed: 17326441797368777002

1872227 Twiddyhohoho the Skinwalker (level 25, 270/301 HPs)
             Began as a Troll Fighter on Apr 12, 2024.
             Was the Champion of Wu Jian.
             Escaped with the Orb
             ... and 3 runes on Apr 14, 2024!
             The game lasted 03:48:56 (53910 turns).

Twiddyhohoho the Skinwalker (Troll Fighter)        Turns: 53910, Time: 03:48:57

Health: 270/301    AC: 46    Str: 27    XL:     25   Next: 57%
Magic:  26/26      EV: 12    Int: 19    God:    Wu Jian [******]
Gold:   4121       SH:  0    Dex: 13    Spells: 25/30 levels left

rFire   + .          .
                       - Unarmed
rCold   . . .        L - +8 tower shield {AC+3}
rNeg    + . .        (body armour currently unavailable)
rPois   ∞            p - +3 crown of Dyrovepreva {rElec Int+2 SInv}
rElec   +            M - +4 dragonskin cloak {Aegis}
rCorr   .            (gloves unavailable)
SInv    +            (boots unavailable)
Will    +....        k - amulet "Befeibeg" {Reflect Int+3 Dex+2 SH+5}
Stlth   +            U - ring of protection from cold
HPRegen 1.50/turn    P - ring of Xave {Fire Will+ Dex-2 Slay+6 Stlth+}
MPRegen 0.20/turn

%: reflection
@: confused, statue-form, weak-willed, weakened, very slow
A: slow and powerful, torment resistance 1, boosted hp, large, unfitting armour,
claws 3, regeneration 1, (shaggy fur 1), (tough skin 1), (iridescent scales 1),
clever 2, deformed body, deterioration 1, frail 1, poison resistance, weak 1,
inability to read after injury 1
0: Orb of Zot
}: 3/15 runes: decaying, serpentine, slimy
a: Begin Untransformation, Renounce Religion, Wall Jump, Serpent's Lash,
Heavenly Storm


You escaped.
You worshipped Wu Jian.
Wu Jian was exalted by your worship.
You were a living statue of rough stone.
You visited 11 branches of the dungeon, and saw 52 of its levels.
You also visited: Ossuary, Ice Cave and Wizlab.

You collected 7873 gold pieces.
You spent 3752 gold pieces at shops.

Inventory:

Missiles
 q - 52 boomerangs (quivered)
 r - 7 javelins
 D - 4 throwing nets
Armour
 p - the +3 crown of Dyrovepreva (worn) {rElec Int+2 SInv}
   (You found it on level 3 of the Elven Halls)

   Int+2:     It affects your intelligence (+2).
   rElec:     It insulates you from electricity.
   SInv:      It lets you see invisible.
 L - a +8 tower shield of protection (worn)
 M - the +4 dragonskin cloak (worn) {Aegis}
   (You took it off Tiamat on level 3 of the Realm of Zot)

   Avatar's Aegis: It grants the wearer a chance to resist fire, cold, poison,
   electricity, acid, and negative energy.
 R - a +2 cloak
Jewellery
 e - the ring "Bykh" {rF+ rC- rCorr Str+4 Dex+5}
   (You took it off a deep elf pyromancer on level 3 of the Elven Halls)

   [ring of resist corrosion]

   Str+4:     It affects your strength (+4).
   Dex+5:     It affects your dexterity (+5).
   rF+:       It protects you from fire.
   rC-:       It makes you vulnerable to cold.
   rCorr:     It protects you from acid and corrosion.
 f - a ring of willpower
 g - a ring of fire
 j - a ring of protection from cold
 k - the amulet "Befeibeg" (around neck) {Reflect Int+3 Dex+2 SH+5}
   (You found it on level 8 of the Dungeon)

   [amulet of reflection]

   Reflect:   It reflects blocked missile attacks.
   Int+3:     It affects your intelligence (+3).
   Dex+2:     It affects your dexterity (+2).
   SH+5:      It affects your SH (+5).
 A - a ring of protection from cold
 K - an amulet of regeneration
 P - the ring of Xave (right claw) {Fire Will+ Dex-2 Slay+6 Stlth+}
   (You found it on level 8 of the Dungeon)

   [ring of fire]

   Fire:      It enhances your fire magic.
   Dex-2:     It affects your dexterity (-2).
   Slay+6:    It affects your accuracy & damage with ranged weapons and melee
   (+6).
   rF+:       It protects you from fire.
   rC-:       It makes you vulnerable to cold.
   Will+:     It increases your willpower.
   Stlth+:    It makes you more stealthy.
 U - a ring of protection from cold (left claw)
 V - a ring of willpower
 Y - the ring "Wirra" {Ice +Blink rElec Int+3 Stlth-}
   (You took it off Josephina on level 4 of the Realm of Zot)

   [ring of ice]

   Ice:       It enhances your ice magic.
   Int+3:     It affects your intelligence (+3).
   rF-:       It makes you vulnerable to fire.
   rC+:       It protects you from cold.
   rElec:     It insulates you from electricity.
   +Blink:    It lets you blink.
   Stlth-:    It makes you less stealthy.
Talismans
 b - a granite talisman (active)
Wands
 x - a wand of paralysis (51)
 J - a wand of flame (100)
 O - a wand of digging (13)
 Q - a wand of light (26)
 S - a wand of polymorph (8)
 T - a wand of iceblast (71)
 W - a wand of mindburst (60)
Scrolls
 d - 10 scrolls of vulnerability
 h - 5 scrolls of revelation
 i - 10 scrolls of poison
 m - a scroll of enchant armour
 o - 6 scrolls of teleportation
 s - 4 scrolls of silence
 t - 6 scrolls of blinking
 y - 13 scrolls of fear
 G - 10 scrolls of fog
 I - 2 scrolls of immolation
 Z - a scroll of summoning
Potions
 a - 4 potions of lignification
 c - 6 potions of might
 l - 8 potions of mutation
 n - 6 potions of heal wounds
 u - 2 potions of magic
 v - 20 potions of curing
 w - 6 potions of ambrosia
 z - 6 potions of enlightenment
 B - 2 potions of invisibility
 C - 6 potions of cancellation
 E - 2 potions of resistance
 H - a potion of attraction
 N - 3 potions of haste
Miscellaneous
 F - a box of beasts
 X - a condenser vane


   Skills:
 + Level 16.4 Fighting
 - Level 5.5 Throwing
 - Level 9.9 Dodging
 - Level 19.9 Shields
 + Level 23.1 Unarmed Combat
 - Level 3.3 Spellcasting
 - Level 5.6 Translocations
 - Level 2.0 Evocations
 - Level 23.3 Shapeshifting


You had 25 spell levels left.
You knew the following spells:

 Your Spells              Type           Power      Damage    Failure   Level
a - Blink                 Tloc           48%        N/A       3%          2
b - Lesser Beckoning      Tloc           48%        N/A       3%          2
c - Apportation           Tloc           48%        N/A       2%          1

Your spell library contained the following spells:

 Spells                   Type           Power      Damage    Failure   Level
 Maxwell's Portable Pile  Tloc           24%        2d(7-20)  7%          3
 Teleport Other           Tloc           24%        N/A       7%          3
 Momentum Strike          Conj/Tloc      26%        3d8       11%         2
 Volatile Blastmotes      Fire/Tloc      40%        2d13      22%         3
 Passage of Golubria      Tloc           24%        N/A       22%         4
 Foxfire                  Conj/Fire      16%        2x1d4     24%         1
 Freeze                   Ice            12%        1d3       24%         1
 Kiss of Death            Conj/Necr      12%        2d6       24%         1
 Magic Dart               Conj           12%        1d3       24%         1
 Slow                     Hex            12%        N/A       24%         1
 Summon Small Mammal      Summ           12%        N/A       24%         1
 Call Imp                 Summ           6%         N/A       34%         2
 Cigotuvi's Dreadful Rot  Necr/Alch/Air  6%         N/A       34%         2
 Ensorcelled Hibernation  Hex/Ice        6%         N/A       34%         2
 Jinxbite                 Hex            6%         N/A       34%         2
 Scorch                   Fire           8%         2d5       34%         2
 Call Canine Familiar     Summ           3%         N/A       56%         3
 Confusing Touch          Hex            3%         N/A       56%         3
 Frozen Ramparts          Ice            6%         1d1       56%         3
 Hailstorm                Conj/Ice       3%         3d5       56%         3
 Inner Flame              Hex/Fire       4%         N/A       56%         3
 Ozocubu's Armour         Ice            3%         N/A       56%         3
 Sigil of Binding         Hex            3%         N/A       56%         3
 Summon Ice Beast         Ice/Summ       3%         N/A       56%         3
 Vampiric Draining        Necr           3%         2d6       56%         3
 Dimensional Bullseye     Hex/Tloc       6%         N/A       58%         4
 Iskenderun's Mystic Bla Conj/Tloc 13%            2d5        (+2d2     58%         4
 Summon Forest            Summ/Tloc      6%         N/A       90%         5
 Anguish                  Hex/Necr       1%         N/A       93%         4
 Dispel Undead            Necr           3%         3d7       93%         4
 Flame Wave               Conj/Fire      4%         2d5       93%         4
 Fulminant Prism          Conj/Alch      1%         3d5       93%         4
 Leda's Liquefaction      Alch/Erth      1%         N/A       93%         4
 Martyr's Knell           Necr/Summ      3%         N/A       93%         4
 Olgreb's Toxic Radiance  Alch           3%         N/A       93%         4
 Petrify                  Alch/Erth      3%         N/A       93%         4
 Sticky Flame             Fire/Alch      4%         2d4       93%         4
 Summon Blazeheart Golem  Fire/Summ      4%         N/A       93%         4
 Summon Lightning Spire   Summ/Air       3%         N/A       93%         4
 Alistair's Intoxication  Alch           2%         N/A       100%        5
 Arcjolt                  Conj/Air       1%         1d11      100%        5
 Borgnjor's Vile Clutch   Necr/Erth      1%         N/A       100%        5
 Curse of Agony           Necr           3%         N/A       100%        5
 Irradiate                Conj/Alch      1%         3d12      100%        5
 Metabolic Englaciation   Hex/Ice        1%         N/A       100%        5
 Silence                  Hex/Air        1%         N/A       100%        5
 Summon Mana Viper        Hex/Summ       3%         N/A       100%        5
 Yara's Violent Unravell  Hex/Alch       1%         3d3       100%        5
 Conjure Ball Lightning   Conj/Air       1%         3x3d6     100%        6
 Death Channel            Necr           1%         N/A       100%        6
 Eringya's Noxious Bog    Alch           1%         4d6       100%        6
 Sculpt Simulacrum        Ice/Alch       1%         N/A       100%        6
 Summon Cactus Giant      Summ           1%         N/A       100%        6
 Enfeeble                 Hex            1%         N/A       100%        7
 Monstrous Menagerie      Summ           1%         N/A       100%        7
 Orb of Destruction       Conj           1%         9d5       100%        7
 Ozocubu's Refrigeration  Ice            1%         4d7       100%        7
 Spellforged Servitor     Conj/Summ      1%         N/A       100%        7
 Summon Hydra             Summ           1%         N/A       100%        7
 Borgnjor's Revivificati  Necr           1%         N/A       100%        8
 Discord                  Hex            1%         N/A       100%        8
 Ignition                 Fire           2%         3d3       100%        8
 Lehudib's Crystal Spear  Conj/Erth      1%         10d2      100%        8
 Maxwell's Capacitive Co  Air            1%         ∞         100%        8
 Chain Lightning          Conj/Air       1%         3d2       100%        9
 Death's Door             Necr           1%         N/A       100%        9
 Dragon's Call            Summ           1%         N/A       100%        9
 Fire Storm               Conj/Fire      2%         8d1       100%        9
 Polar Vortex             Ice            1%         N/A       100%        9
 Shatter                  Erth           1%         3d6*      100%        9
 Sublimation of Blood     Necr           Unusable   N/A       N/A         2

Dungeon Overview and Level Annotations

Branches:
Dungeon (15/15)            Temple (1/1) D:5            Lair (5/5) D:8
  Swamp (4/4) Lair:2        Snake (4/4) Lair:2        Slime (5/5) Lair:5
    Orc (2/2) D:9             Elf (3/3) Orc:2        Vaults (4/5) D:14
  Crypt (0/3) Vaults:3     Depths (4/4) D:15            Zot (5/5) Depths:4
Ossuary (visited)           IceCv (visited)          WizLab (visited)

Altars:
Ashenzari
Cheibriados
Dithmenos
Elyvilon
Fedhas
Gozag
Hepliaklqana
Kikubaaqudgha
Makhleb
Nemelex Xobeh
Okawaru
Qazlal
Ru
Sif Muna
Trog
Uskayaw
Vehumet
Wu Jian
Xom
Yredelemnul
Zin
The Shining One
Beogh
Jiyva
Lugonu

Shops:
D:9 (   D:14 !   Orc:1 (   Orc:2 [(?(*   Elf:1 !(*   Elf:2 (([=   Snake:1 (
Vaults:1 [   Vaults:2 !   Vaults:4 *([   Depths:1 :!   Depths:3 :

Portals:
Hell: Depths:1 Depths:2 Depths:3 Depths:4
Abyss: Lair:5 Depths:2 Depths:3 Depths:4
Pandemonium: Depths:1 Depths:2 Depths:3 Depths:4
Ziggurat: Depths:3
Trove: Depths:2 (give 2 scrolls of acquirement)

Annotations:
Vaults:2 exclusion: orange crystal statue
Zot:4 4 transporters


Innate Abilities, Weirdness & Mutations

You are a living statue of rough stone.
Your actions are slow, but your melee attacks are powerful.
You are resistant to unholy torment.
Your maximum health is greatly increased.
Your equipment is partially melded.
You are too large for most types of armour.
You are immune to poison.
You have claws for hands.
Your natural rate of healing is unusually fast.
((You are covered in fur. (AC +1)))
((You have tough skin. (AC +1)))
((You are partially covered in iridescent scales. (AC +2)))
Your mind is very acute. (Int +8, Str/Dex -2)
Armour fits poorly on your strangely shaped body.
Your body sometimes deteriorates upon taking damage.
You are frail. (-10% HP)
Your system is resistant to poisons. (rPois)
You are weak. (Str -2)
You occasionally lose the ability to read scrolls when taking damage.


Message History

The rock shatters into small pieces.
Aiming: Dig
Press: ? - help, Q - select action, (/) - cycle Shift-Dir - straight line You can't see that place. [the floor.]
The rock shatters into small pieces.
An Unijyr, a lorocyproca and a lich come into view.
You spin and attack Unijyr.
You closely miss Unijyr.
You are engulfed in seething chaos.
Your willpower is stripped away!
The lorocyproca gives a chilling moan.
The lich shouts!
Unijyr attacks as it pursues you! You block Unijyr's attack. x2
The lich casts a spell.
The lich seems to speed up.
Unijyr attacks as it pursues you! You block Unijyr's attack.
Unijyr bursts into living lightning!
The living lightning hits you. You resist.
Unijyr blinks!
The lich gestures wildly while chanting.
The lich flickers and vanishes for a moment.
There is an open door here.
You are engulfed in seething chaos.
You feel your attacks grow feeble.
Unijyr bursts into living lightning!
The living lightning hits you. You resist.
Unijyr blinks!
You block Unijyr's attack. x2
The lorocyproca attacks as it pursues you!
The lorocyproca barely misses you.
The lich is engulfed in seething chaos.
The lich seems to slow down.
There is an open door here.
Blink to where?
Press: ? - help, Q - select action, (/) - cycle Dir - move target
As you read the scroll of blinking, it crumbles to dust.
Unijyr bursts into living lightning!
The living lightning misses you. Unijyr blinks! x2; Unijyr misses you.
You are engulfed in seething chaos.
You are confused.
Unijyr hits you. Unijyr hits you!!
The lorocyproca is engulfed in seething chaos.
Unijyr bursts into living lightning!
The living lightning hits you. You resist.
Unijyr blinks!
You have escaped!

.# #..# .## #####.## ###
..###.###..######## #####.#
...##....§........###.....#
....##....................#
###.......§...#####.......#
..####.§.§.####...####....#
.....###§###...§§....###..#
⌠......§§L..2.§.I....§&#..#
.....###'###...§§....###..#
..####..§§.####...####....#
###.....###)..#####.....###
..........##..........###
.###############....### ##
######


You could see Unijyr (clouds), a lich (fast, invisible, slow) and a lorocyproca
(fast, strong, invisible, weak).

Vanquished Creatures
  the Royal Jelly (Slime:5)
  5 dread liches
  Tiamat (Zot:3)
  Frederick (Depths:3)
  3 ancient liches
  3 orbs of fire
  4 juggernauts
  Mara (Swamp:3)
  Vv (Zot:4)
  Xtahua (Depths:4)
  Josephina (Zot:4)
  Sojobo (Depths:4)
  2 Killer Klowns (Zot:5)
  Vashnia (Snake:4)
  2 curse toes
  Saint Roka (Elf:3)
  9 golden dragons
  the Enchantress (Depths:1)
  3 bone dragons
  2 Tzitzimimeh (Depths:4)
  3 doom hounds (Depths:4)
  An iron giant (Depths:1)
  3 electric golems
  A hellephant (Depths:1)
  Rupert (D:12)
  10 tentacled monstrosities
  3 liches
  21 Orb Guardians
  Mlioglotl (Swamp:4)
  Grunn (Depths:4)
  2 deep elf blademasters (Elf:3)
  3 quicksilver dragons
  6 sphinxes
  2 titans
  4 deep elf master archers (Elf:3)
  12 acid blobs
  Frances (D:12)
  9 death cobs
  An ancient champion (WizLab)
  7 storm dragons
  Roxanne (Elf:1)
  Donald (Slime:2)
  Agnes (Elf:1)
  4 tengu reavers
  8 shadow dragons
  4 nagarajas
  7 rockslimes (Slime:5)
  11 azure jellies
  5 draconian monks
  3 protean progenitors
  An occultist (Depths:1)
  A fenstrider witch (Swamp:4)
  3 fire giants
  4 revenants (WizLab)
  4 frost giants
  15 vault wardens
  4 draconian knights
  3 deep elf elementalists (Elf:3)
  2 iron dragons
  8 deep elf sorcerers
  7 draconian shifters
  A ghost moth (Lair:4)
  An angel (Vaults:4)
  A caustic shrike zombie (WizLab)
  A balrug (Zot:5)
  An orc warlord (Orc:2)
  9 quicksilver oozes
  5 spriggan defenders
  5 draconian stormcallers
  7 draconian annihilators
  12 ironbound preservers
  4 formless jellyfish
  15 very ugly things
  4 ironbound thunderhulks
  A vampire knight (Depths:3)
  3 green draconians
  9 white draconians
  Nessos (D:12)
  8 stone giants
  6 eleionomae
  2 lorocyprocas
  9 deep elf annihilators
  3 deep elf demonologists (Elf:3)
  14 spark wasps
  2 war gargoyles (Vaults:3)
  A dire elephant (Lair:5)
  2 deep elf death magi (Elf:3)
  3 bunyips
  11 purple draconians
  8 black draconians
  3 halazid warlocks (WizLab)
  12 red draconians
  Snorg (Lair:3)
  A spectral titan (WizLab)
  5 yellow draconians
  An eidolon (WizLab)
  2 blizzard demons
  5 ettins
  3 fire dragons
  2 jiangshi (WizLab)
  A quicksilver dragon zombie (WizLab)
  5 deep elf high priests
  2 entropy weavers
  The ghost of Estrix the Summoner, a journeyman FeSu of Kikubaaqudgha (Lair:5)
  The ghost of Autsider the Fighter, a journeyman DrAl of Gozag (Lair:2)
  6 yaktaur captains
  11 great orbs of eyes
  2 shambling mangroves
  2 crystal guardians (Vaults:4)
  10 spriggan air magi
  15 hydras
  5 vault guards
  4 rakshasas
  The ghost of soonmide the Cleaver, a journeyman MDRe of Fedhas (Orc:2)
  5 ice dragons
  2 peacekeepers
  3 salamander tyrants (Snake:4)
  7 anacondas
  A catoblepas (Lair:4)
  7 ironbound frosthearts
  4 two-headed ogres
  11 alligators
  26 dancing weapons
  2 deep troll shamans (Depths:2)
  10 centaur warriors
  5 tengu warriors
  4 boulder beetles
  6 death yaks
  4 vampire magi (WizLab)
  4 thrashing horrors (Lair:5)
  A titan zombie (WizLab)
  Urug (Lair:4)
  4 spriggan berserkers
  4 deep troll earth magi
  15 naga sharpshooters
  3 shock serpents
  2 orc high priests (Orc:2)
  Sonja (Orc:1)
  4 hell knights
  4 sun demons
  14 deep elf knights
  8 naga warriors
  2 soul eaters
  Amaemon (Lair:2)
  5 iron trolls
  A spark wasp zombie (WizLab)
  The ghost of NotYourErnst the Apothecary, a novice GrBr (D:8)
  2 sixfirhies
  6 salamander mystics
  5 deep elf archers
  2 spectral spark wasps (WizLab)
  11 skeletal warriors
  A shadow wraith (WizLab)
  3 shadow demons
  4 sea snakes (Snake:1)
  A bog body (Lair:2)
  6 glowing orange brains
  5 goliath frogs
  3 flayed ghosts
  10 swamp dragons
  7 arcanists
  3 lindwurms
  A large abomination (Lair:5)
  9 mana vipers
  8 naga ritualists
  3 spriggan druids
  3 obsidian bats
  14 ironbound convokers
  29 deep trolls
  3 orc knights (Orc:2)
  11 phantasmal warriors
  23 deep elf zephyrmancers
  A stone giant zombie (Vaults:4)
  3 harpies (Vaults:3)
  4 necromancers
  43 ugly things
  A wolf spider zombie (WizLab)
  29 deep elf pyromancers
  16 salamanders
  6 orc sorcerers
  7 cyclopes
  4 manticores
  A faun (shapeshifter) (D:15)
  3 fauns (Zot:3)
  22 moths of wrath
  3 shining eyes
  9 kobold blastminers
  5 will-o-the-wisps
  22 vault sentinels
  A rust devil (Depths:1)
  A meliai (shapeshifter) (Lair:5)
  A toenail golem (D:8)
  3 ice statues (IceCv)
  An eye of devastation (Lair:5)
  12 naga magi
  51 black mambas
  8 cane toads
  An orange demon (Lair:2)
  2 torpor snails (Lair:5)
  6 guardian serpents
  2 smoke demons (Lair:5)
  A gargoyle (D:13)
  A hellion (D:8)
  3 rime drakes
  A freezing wraith (IceCv)
  10 komodo dragons
  A tormentor (Depths:2)
  2 tengu conjurers
  8 yaktaurs
  An efreet (D:15)
  A yaktaur skeleton (Vaults:4)
  A spectral harpy (WizLab)
  Psyche (D:8)
  4 queen bees (Zot:5)
  A troll (shapeshifter) (D:14)
  5 polar bears
  7 hornets
  A bloated husk (Swamp:2)
  2 harpy zombies (WizLab)
  12 trolls
  3 tyrant leeches
  A tarantella (Vaults:4)
  9 dream sheep (Lair:4)
  3 glass eyes
  A snapping turtle (Swamp:4)
  23 blink frogs
  A raiju (Lair:5)
  A centaur simulacrum (D:15)
  2 spriggan zombies (WizLab)
  A frost giant simulacrum (Vaults:3)
  14 spriggans
  2 ynoxinuls
  2 shadows
  79 slime creatures
  6 water elementals
  2 wraiths
  43 yaks
  2 vampires
  An unseen horror simulacrum (D:8)
  4 wargs
  7 wyverns
  7 golden eyes
  3 chaos spawn (Lair:5)
  12 vampire mosquitoes
  4 basilisks
  2 steam dragons
  12 small abominations (Lair:5)
  2 white draconian simulacra (Zot:4)
  A death yak simulacrum (IceCv)
  A harpy simulacrum (IceCv)
  11 swamp worms
  A glowing shapeshifter zombie (Vaults:4)
  A redback (Vaults:4)
  30 nagas
  10 water moccasins
  4 hell hounds (D:3)
  3 acid dragons
  2 hydra simulacra (IceCv)
  2 moth of wrath simulacra (Zot:4)
  8 ice beasts
  2 sky beasts
  A glowing shapeshifter skeleton (Vaults:3)
  21 orc warriors
  9 laughing skulls (WizLab)
  13 swamp drakes
  8 ogres
  3 boggarts
  A tengu (shapeshifter) (D:15)
  15 wolves
  15 centaurs
  4 kobold brigands
  3 phantoms
  14 bullfrogs
  A gnoll sergeant (D:8)
  An earth elemental (Elf:1)
  A glowing shapeshifter simulacrum (Vaults:3)
  4 scorpions
  A hornet simulacrum (D:8)
  2 burial acolytes (Ossuary)
  A cane toad simulacrum (IceCv)
  8 wights
  18 killer bees
  An elephant simulacrum (IceCv)
  4 howler monkeys
  9 electric eels
  6 bombardier beetles
  A centaur zombie (Ossuary)
  3 lava snakes (Lair:2)
  A jelly (D:8)
  2 gnoll boudas (D:8)
  26 orc priests
  Jessica (D:3)
  3 iguanas
  33 orc wizards
  A statue (D:12)
  A polar bear simulacrum (IceCv)
  2 wolf simulacra (IceCv)
  5 mummies (Ossuary)
  12 gnolls
  2 adders
  5 white imps
  2 dart slugs
  2 ribbon worms
  120 orcs
  3 bats
  3 endoplasms
  9 giant cockroaches
  6 hobgoblins
  2 quokkas
  5 ball pythons
  2 frilled lizards
  5 gnoll zombies (Ossuary)
  6 goblins
  18 kobolds
  A kobold zombie (Ossuary)
  An orc zombie (Ossuary)
  2 rats
1933 creatures vanquished.

Vanquished Creatures (collateral kills)
  2 Orb Guardians (Zot:5)
  A gargoyle (D:7)
3 creatures vanquished.

Vanquished Creatures (others)
  An iron giant (Depths:1)
  A ghost moth (Zot:3)
  A draconian annihilator (Zot:1)
  A deep troll earth mage (Depths:1)
  A bog body (Swamp:1)
  A bloated husk (Swamp:2)
  A moth of wrath simulacrum (Zot:4)
  A laughing skull (WizLab)
  14 foxfires
22 creatures vanquished.

Grand Total: 1958 creatures vanquished

Notes
Turn   | Place    | Note
-------+----------+-------------------------------------------
     0 | D:1      | Twiddyhohoho the Troll Fighter began the quest for the Orb.
     0 | D:1      | Reached XP level 1. HP: 22/22 MP: 0/0
   201 | D:1      | Reached XP level 2. HP: 29/29 MP: 1/1
  1116 | D:2      | Reached XP level 3. HP: 36/36 MP: 2/2
  1695 | D:3      | Reached XP level 4. HP: 36/44 MP: 3/3
  1808 | D:3      | Reached XP level 5. HP: 38/53 MP: 4/4
  1912 | D:3      | Noticed Jessica
  1918 | D:3      | Killed Jessica
  1971 | D:3      | Found a hazy altar of Hepliaklqana.
  2175 | D:3      | Reached XP level 6. HP: 50/61 MP: 5/5
  2368 | D:4      | Learned a level 2 spell: Blink
  2377 | D:4      | Found a sand-covered staircase.
  2381 | Ossuary  | Entered an ossuary
  2826 | D:4      | Reached skill level 5 in Unarmed Combat
  2826 | D:4      | Reached XP level 7. HP: 64/67 MP: 6/6
  2983 | D:4      | Reached skill level 1 in Translocations
  3458 | D:5      | Entered Level 5 of the Dungeon
  3787 | D:5      | Found a blossoming altar of Fedhas.
  3980 | D:5      | Found an ancient bone altar of Kikubaaqudgha.
  3980 | D:5      | Found a radiant altar of Vehumet.
  4161 | D:5      | Found a staircase to the Ecumenical Temple.
  4177 | Temple   | Entered the Ecumenical Temple
  4188 | Temple   | Became a worshipper of the Wu Jian Council
  4690 | D:6      | Noticed a steam dragon
  4829 | D:6      | Reached XP level 8. HP: 68/78 MP: 7/7
  5029 | D:6      | Identified the +0 leather armour of the Foremost Quests
                  | {rCorr SInv}
  5038 | D:6      | Found a shimmering altar of Xom.
  5076 | D:6      | Found a white marble altar of Elyvilon.
  5428 | D:7      | Noticed a gargoyle
  5488 | D:7      | Killed a gargoyle
  5489 | D:7      | Reached skill level 5 in Shields
  5494 | D:7      | Noticed a manticore
  5552 | D:6      | Killed a manticore
  5553 | D:6      | Reached XP level 9. HP: 46/87 MP: 8/8
  5631 | D:7      | Reached skill level 5 in Dodging
  5635 | D:7      | Reached skill level 5 in Fighting
  5665 | D:7      | Noticed a troll
  5679 | D:7      | Killed a troll
  5679 | D:7      | Reached * piety under Wu Jian
  5844 | D:7      | Noticed a manticore
  5853 | D:7      | Killed a manticore
  5998 | D:7      | Reached XP level 10. HP: 76/96 MP: 9/9
  6142 | D:7      | Found a shadowy altar of Dithmenos.
  6285 | D:7      | Reached ** piety under Wu Jian
  6488 | D:8      | Found a runed translucent gate.
  6511 | D:8      | Found a runed translucent gate.
  6512 | D:8      | Found a runed translucent gate.
  6544 | D:8      | Found a sacrificial altar of Ru.
  6683 | D:8      | Noticed Psyche
  6959 | D:8      | Paralysed by something for 3 turns
  7107 | D:8      | Found a staircase to the Lair.
  7134 | D:8      | Reached *** piety under Wu Jian
  7135 | D:8      | Reached skill level 1 in Spellcasting
  7187 | D:8      | Got the ring of Xave {Fire Will+ Dex-2 Slay+6 Stlth+}
  7198 | D:8      | Noticed NotYourErnst's ghost (novice GrBr)
  7350 | D:9      | Found a staircase to the Orcish Mines.
  7551 | D:9      | Reached skill level 10 in Unarmed Combat
  7560 | D:9      | Reached **** piety under Wu Jian
  7618 | D:9      | Found Xuarghos's Weapon Shop.
  7697 | D:8      | Killed Psyche
  7750 | D:8      | Identified the amulet "Befeibeg" {Reflect Int+3 Dex+2 SH+5}
  8372 | D:9      | Reached XP level 11. HP: 106/107 MP: 12/12
  8471 | D:10     | Entered Level 10 of the Dungeon
  8785 | D:10     | Found a stormy altar of Qazlal.
  9767 | D:11     | Noticed a two-headed ogre
  9777 | D:11     | Killed a two-headed ogre
  9968 | D:11     | Noticed a two-headed ogre
  9979 | D:11     | Killed a two-headed ogre
 10133 | D:11     | Noticed a green ugly thing
 10142 | D:11     | Killed a green ugly thing
 10471 | Lair:1   | Entered Level 1 of the Lair of Beasts
 11419 | Lair:2   | Reached ***** piety under Wu Jian
 11423 | Lair:2   | Reached XP level 12. HP: 110/118 MP: 14/14
 11543 | Lair:2   | Found a staircase to the Swamp.
 11598 | Lair:2   | Found a runed translucent door.
 11598 | Lair:2   | Noticed Autsider's ghost (journeyman DrAl)
 11608 | Lair:2   | Killed Autsider's ghost
 12013 | Lair:2   | Noticed Amaemon
 12053 | Lair:2   | Killed Amaemon
 12117 | Lair:2   | Found a staircase to the Snake Pit.
 12569 | Lair:3   | Noticed Snorg
 12872 | Lair:3   | Noticed a death yak
 12890 | Lair:3   | Killed a death yak
 12899 | Lair:3   | Noticed a death yak
 12900 | Lair:3   | Noticed a death yak
 12900 | Lair:3   | Noticed a death yak
 12906 | Lair:3   | Noticed a death yak
 12913 | Lair:3   | Noticed a death yak
 12932 | Lair:2   | Killed a death yak
 12994 | Lair:3   | Killed Snorg
 13078 | Lair:3   | Reached XP level 13. HP: 127/128 MP: 15/15
 13703 | Lair:4   | Found a frozen archway.
 13723 | IceCv    | Entered an ice cave
 14125 | IceCv    | Got the Elucidation of Glaciation
 14196 | Lair:4   | Reached ****** piety under Wu Jian
 14480 | Lair:4   | Noticed Urug
 14569 | Lair:4   | Killed Urug
 14632 | Lair:4   | Identified the amulet of Dyekijor {Fly rPois Regen+ Str+5
                  | Dex-4}
 15015 | Lair:5   | Entered Level 5 of the Lair of Beasts
 15328 | Lair:5   | Reached skill level 10 in Shields
 15431 | Lair:5   | Found a runed translucent door.
 15431 | Lair:5   | Found a viscous altar of Jiyva.
 15432 | Lair:5   | Found a staircase to the Slime Pits.
 15432 | Lair:5   | Noticed an acid blob
 15432 | Lair:5   | Noticed an acid blob
 15432 | Lair:5   | Noticed an acid blob
 15432 | Lair:5   | Noticed an acid blob
 15512 | Lair:5   | Reached skill level 15 in Unarmed Combat
 15599 | Lair:5   | Reached XP level 14. HP: 140/140 MP: 16/16
 15977 | Lair:5   | Found a corrupted altar of Lugonu.
 15977 | Lair:5   | Found a one-way gate to the infinite horrors of the Abyss.
 15984 | Lair:5   | Got the Textbook on Hexes and the Gathering
 16209 | Lair:5   | Noticed Estrix's ghost (journeyman FeSu)
 16215 | Lair:5   | Found a transporter.
 16232 | Lair:5   | Found a transporter.
 16787 | Lair:4   | Killed a ghost moth
 16788 | Lair:4   | Reached skill level 5 in Translocations
 17358 | D:12     | Found a radiant altar of Vehumet.
 17437 | D:12     | Noticed Frances
 17485 | D:12     | Noticed Nessos
 17491 | D:12     | Killed Nessos
 17553 | D:12     | Noticed Rupert
 17563 | D:12     | Killed Rupert
 17753 | D:12     | Killed Frances
 18069 | D:13     | Reached skill level 10 in Fighting
 18289 | D:13     | Identified the +3 orcbow "Esyamua" {speed, rN+ rCorr}
 19046 | D:14     | Noticed an ironbound preserver
 19066 | D:14     | Killed an ironbound preserver
 19067 | D:14     | Reached XP level 15. HP: 114/150 MP: 17/17
 19216 | D:14     | Found a gate to the Vaults.
 19604 | D:14     | Found Foqemiath's Distillery.
 19869 | D:14     | Found a shimmering altar of Xom.
 19927 | D:15     | Entered Level 15 of the Dungeon
 20935 | Orc:1    | Entered Level 1 of the Orcish Mines
 21164 | Orc:1    | Found Tyogar's Antique Weapon Shoppe.
 21223 | Orc:1    | Noticed Sonja
 21228 | Orc:1    | Killed Sonja
 21400 | Orc:2    | Entered Level 2 of the Orcish Mines
 21450 | Orc:2    | Found a roughly hewn altar of Beogh.
 21489 | Orc:2    | Found Daibijurph's Magic Scroll Shop.
 21497 | Orc:2    | Bought a scroll of identify for 32 gold pieces
 21662 | Orc:2    | Found a roughly hewn altar of Beogh.
 21694 | Orc:2    | Found a staircase to the Elven Halls.
 22062 | Orc:2    | Reached skill level 1 in Evocations
 22186 | Orc:2    | Found a roughly hewn altar of Beogh.
 22186 | Orc:2    | Found Uceurist's Antique Weapon Shop.
 22187 | Orc:2    | Found Yklih's Antique Armour Boutique.
 22388 | Orc:2    | Found a runed translucent gate.
 22389 | Orc:2    | Found a runed translucent gate.
 22389 | Orc:2    | Found a runed translucent gate.
 22390 | Orc:2    | Noticed soonmide's ghost (journeyman MDRe)
 22394 | Orc:2    | Found an iron altar of Okawaru.
 22403 | Orc:2    | Found a roughly hewn altar of Beogh.
 22527 | Orc:2    | Found a roughly hewn altar of Beogh.
 22627 | Orc:2    | Found a roughly hewn altar of Beogh.
 22669 | Orc:2    | Found Asuju's Weapon Shoppe.
 22708 | Orc:2    | Found Utsu's Assorted Antiques.
 22711 | Orc:2    | Bought a potion of heal wounds for 165 gold pieces
 22711 | Orc:2    | Bought a scroll of summoning for 313 gold pieces
 22711 | Orc:2    | Bought a potion of heal wounds for 165 gold pieces
 22711 | Orc:2    | Bought a scroll of enchant armour for 247 gold pieces
 22879 | Orc:2    | Killed soonmide's ghost
 23250 | Orc:2    | Bought a jewelled robe for 142 gold pieces
 23250 | Orc:2    | Identified the +2 robe "Zin Jilu" {+Blink Int-2 Archmagi}
                  | (You bought it in a shop on level 2 of the Orcish Mines)
 23317 | Orc:2    | Bought 3 scrolls of revelation for 360 gold pieces
 23493 | D:14     | Reached XP level 16. HP: 162/162 MP: 19/19
 23687 | D:15     | Found a staircase to the Depths.
 24030 | D:8      | Killed NotYourErnst's ghost
 24128 | Snake:1  | Entered Level 1 of the Snake Pit
 24635 | Snake:1  | Found Xusk's Weapon Boutique.
 27466 | Snake:4  | Entered Level 4 of the Snake Pit
 27861 | Snake:4  | Reached XP level 17. HP: 151/172 MP: 20/20
 28136 | Snake:4  | Identified the +7 flail of the Dove {spect, Dex+6}
 28347 | Snake:4  | Reached skill level 1 in Shapeshifting
 28930 | Snake:4  | Reached skill level 5 in Shapeshifting
 29000 | Snake:4  | Noticed Vashnia
 29026 | Snake:4  | Killed Vashnia
 29234 | Snake:4  | Got a serpentine rune of Zot
 29637 | Swamp:1  | Entered Level 1 of the Swamp
 30973 | Swamp:2  | Identified the +4 halberd of Hihuas {flame, rPois rF-
                  | Int+2}
 31313 | Swamp:3  | Identified the +4 robe "Put-Me-On" {Int+5}
 31374 | Swamp:3  | Reached skill level 10 in Shapeshifting
 31608 | Swamp:3  | Reached XP level 18. HP: 183/183 MP: 21/21
 31824 | Swamp:4  | Entered Level 4 of the Swamp
 31834 | Swamp:4  | Noticed Mara
 31853 | Swamp:3  | Killed Mara
 31997 | Swamp:4  | Reached XP level 19. HP: 191/191 MP: 22/22
 32105 | Swamp:4  | Noticed Mlioglotl
 32142 | Swamp:4  | Killed Mlioglotl
 32689 | Swamp:4  | Got a decaying rune of Zot
 32935 | Vaults:1 | Entered Level 1 of the Vaults
 33648 | Vaults:1 | Found Niew's Antique Armour Emporium.
 33653 | Vaults:1 | Bought a glowing scarf for 256 gold pieces
 34156 | Vaults:2 | Found Uteor's Distillery.
 34164 | Vaults:2 | Reached skill level 15 in Shapeshifting
 34168 | Vaults:2 | Bought a potion of resistance for 140 gold pieces
 34168 | Vaults:2 | Bought a potion of haste for 140 gold pieces
 34168 | Vaults:2 | Bought a potion of heal wounds for 70 gold pieces
 34747 | Vaults:2 | Identified the +1 robe of Ungega {rC+ Regen+}
 35412 | Vaults:3 | Noticed a bone dragon
 35415 | Vaults:3 | Killed a bone dragon
 35417 | Vaults:3 | Found a staircase to the Crypt.
 35439 | Vaults:3 | Reached XP level 20. HP: 200/200 MP: 23/23
 36633 | Vaults:4 | Found Gozag's Antique Armour Emporium.
 36634 | Vaults:4 | Found Gozag's Antique Weapon Emporium.
 36635 | Vaults:4 | Found an opulent altar of Gozag.
 36694 | Vaults:4 | Reached skill level 15 in Shields
 37075 | Vaults:4 | Bought a glowing cloak for 750 gold pieces
 37085 | Vaults:4 | Found Gozag's Assorted Antiques.
 37198 | Vaults:4 | Found a glowing silver altar of Zin.
 37763 | Depths:1 | Entered Level 1 of the Depths
 37789 | Depths:1 | Got Saketro's Elucidation of the Dismal Fair Folk
 37892 | Depths:1 | Found a one-way gate leading to the halls of Pandemonium.
 37948 | Depths:1 | Found Icou's Book Shop.
 37953 | Depths:1 | Found Nayhuylo's Distillery.
 37971 | Depths:1 | Bought a potion of mutation for 152 gold pieces
 37971 | Depths:1 | Bought a potion of might for 76 gold pieces
 37971 | Depths:1 | Bought a potion of enlightenment for 95 gold pieces
 37971 | Depths:1 | Bought a potion of heal wounds for 95 gold pieces
 37971 | Depths:1 | Bought a potion of heal wounds for 95 gold pieces
 38104 | Depths:1 | Noticed the Enchantress
 38121 | Depths:1 | Killed the Enchantress
 38404 | Depths:1 | Learned a level 2 spell: Lesser Beckoning
 38404 | Depths:1 | Found a gateway to Hell.
 38799 | Depths:2 | Reached XP level 21. HP: 208/208 MP: 24/24
 38942 | Depths:2 | Found a portal to a secret trove of treasure.
 39598 | Depths:3 | Found Agonul's Vocational Training.
 39629 | Depths:3 | Identified the orb of Uguto {*channel, Dex+5}
 39629 | Depths:3 | Noticed Frederick
 39637 | Depths:3 | Killed Frederick
 39654 | Depths:3 | Found a one-way gateway to a ziggurat.
 40017 | Depths:3 | Noticed a juggernaut
 40025 | Depths:3 | Killed a juggernaut
 40175 | Depths:3 | Noticed a juggernaut
 40175 | Depths:3 | Noticed a juggernaut
 40180 | Depths:3 | Killed a juggernaut
 40187 | Depths:3 | Killed a juggernaut
 40600 | Depths:4 | Entered Level 4 of the Depths
 40712 | Depths:4 | Noticed Grunn
 40740 | Depths:4 | Killed Grunn
 40942 | Depths:4 | Reached XP level 22. HP: 217/217 MP: 25/25
 40966 | Depths:4 | Found a gate to the Realm of Zot.
 41092 | Depths:4 | Noticed Sojobo
 41096 | Depths:4 | Paralysed by an air elemental for 1 turns
 41098 | Depths:4 | Paralysed by an air elemental for 1 turns
 41107 | Depths:4 | Paralysed by an air elemental for 1 turns
 41113 | Depths:4 | Noticed Xtahua
 41118 | Depths:4 | Killed Xtahua
 41125 | Depths:4 | Killed Sojobo
 41218 | Depths:4 | Noticed a juggernaut
 41226 | Depths:4 | Killed a juggernaut
 41263 | Depths:4 | Noticed a golden dragon
 41277 | Depths:4 | Killed a golden dragon
 42467 | Elf:1    | Entered Level 1 of the Elven Halls
 42478 | Elf:1    | Found Yxkora's Weapon Emporium.
 42493 | Elf:1    | Found Edorar's General Store.
 42560 | Elf:1    | Noticed Agnes
 42570 | Elf:1    | Killed Agnes
 42721 | Elf:1    | Identified the +6 long sword "Memylu" {drain, rF+ Str+2
                  | SInv}
 42836 | Elf:1    | Noticed Roxanne
 42846 | Elf:1    | Killed Roxanne
 42851 | Elf:1    | Found Yzaol's Distillery.
 42857 | Elf:1    | Bought a potion of enlightenment for 85 gold pieces
 42857 | Elf:1    | Bought a potion of might for 68 gold pieces
 42857 | Elf:1    | Bought a potion of haste for 170 gold pieces
 42857 | Elf:1    | Bought a potion of ambrosia for 136 gold pieces
 43389 | Elf:2    | Found Idahiq's Antique Armour Boutique.
 43392 | Elf:2    | Found Locat's Jewellery Boutique.
 43392 | Elf:2    | Found Walecaqu's Antique Weapon Shop.
 43395 | Elf:2    | Found Udgho's Antique Weapon Shop.
 43680 | Elf:2    | Found a huge runed translucent gate.
 43680 | Elf:2    | Found a huge runed translucent gate.
 43680 | Elf:2    | Found a huge runed translucent gate.
 43680 | Elf:2    | Found a huge runed translucent gate.
 43680 | Elf:2    | Found a huge runed translucent gate.
 44090 | Elf:2    | Reached skill level 1 in Throwing
 44106 | Elf:2    | Identified the blade talisman of the Trilobite {rF+ rC+++
                  | Dex-2 SInv}
 44449 | Elf:3    | Entered Level 3 of the Elven Halls
 44468 | Elf:3    | Noticed Saint Roka
 44482 | Elf:3    | Killed Saint Roka
 44556 | Elf:3    | Found a magical portal.
 44575 | WizLab   | Entered Borgnjor's Mausoleum
 44859 | WizLab   | Reached XP level 23. HP: 203/203 MP: 26/26
 44957 | WizLab   | Got Sif Muna's Information on Despair
 45647 | Elf:3    | Identified the +6 whip of Risk Management {heavy, Str+5}
 45768 | Elf:3    | Identified the +9 spear of Subjectivity {vamp, rElec Dex+2
                  | SInv}
 45859 | Elf:3    | Identified the +6 war axe "Qastoesa" {heavy, Stlth+}
 45884 | Elf:3    | Identified the ring "Bykh" {rF+ rC- rCorr Str+4 Dex+5}
 46097 | Elf:3    | Found the +3 crown of Dyrovepreva {rElec Int+2 SInv}
 46103 | Elf:3    | Identified the staff "Fuph" {rF+ rC+ Fire Air}
 46133 | Elf:3    | Got Guiss's Omnibus of Wicked Dislocation
 46149 | Elf:3    | Identified the staff of Jatumepa {^Drain rElec rC+++ Dex+2
                  | Stlth+ Air}
 46226 | Elf:3    | Identified the ring of Voemmacsa {Wiz rN++ Str-4}
 46671 | Lair:5   | Killed Estrix's ghost
 46735 | Slime:1  | Entered Level 1 of the Pits of Slime
 46865 | Slime:2  | Noticed Donald
 46874 | Slime:2  | Killed Donald
 46931 | Slime:3  | Gained mutation: You occasionally shout uncontrollably at
                  | your foes. [a shining eye]
 46981 | Slime:4  | Reached skill level 5 in Throwing
 46988 | Slime:5  | Entered Level 5 of the Pits of Slime
 47026 | Slime:5  | Gained mutation: You have hidden genetic defects. [a
                  | shining eye]
 47027 | Slime:5  | Gained mutation: You are frail. (-10% HP) [a shining eye]
 47027 | Slime:5  | Gained mutation: You are vulnerable to heat. (rF-) [a
                  | shining eye]
 47028 | Slime:5  | Gained mutation: Your spells are a little easier to cast,
                  | but a little less powerful. [a shining eye]
 47066 | Slime:5  | Noticed the Royal Jelly
 47102 | Slime:5  | Killed the Royal Jelly
 47175 | Slime:5  | Identified the +8 arbalest "Pisuqop" {antimagic, Will+}
 47181 | Slime:5  | Got the Octavo of the Geological Excursion
 47183 | Slime:5  | Got a slimy rune of Zot
 47234 | Slime:5  | Lost mutation: Your spells are a little easier to cast, but
                  | a little less powerful. [potion of mutation]
 47234 | Slime:5  | Lost mutation: You occasionally shout uncontrollably at
                  | your foes. [potion of mutation]
 47234 | Slime:5  | Gained mutation: Your body sometimes deteriorates upon
                  | taking damage. [potion of mutation]
 47234 | Slime:5  | Lost mutation: You are frail. (-10% HP) [potion of
                  | mutation]
 47234 | Slime:5  | Gained mutation: You are partially covered in iridescent
                  | scales. (AC +2) [potion of mutation]
 47234 | Slime:5  | Gained mutation: Your mind is acute. (Int +4, Str/Dex -1)
                  | [potion of mutation]
 47235 | Slime:5  | Lost mutation: You have hidden genetic defects. [potion of
                  | mutation]
 47235 | Slime:5  | Lost mutation: You are vulnerable to heat. (rF-) [potion of
                  | mutation]
 47235 | Slime:5  | Gained mutation: Your mind is very acute. (Int +8, Str/Dex
                  | -2) [potion of mutation]
 47235 | Slime:5  | Lost mutation: Your body sometimes deteriorates upon taking
                  | damage. [potion of mutation]
 47241 | Slime:5  | Identified the +1 spear of Gyushy {freeze, ^Drain rElec
                  | rC+}
 47288 | Slime:5  | Got the Encyclopedia of the Wind
 47289 | Slime:5  | Identified the +4 flail "Uxocw" {flame, rC+}
 47290 | Slime:5  | Identified the staff "Hianaw Pejo" {rElec rC++ Int+5 Dex-5
                  | Air}
 47300 | Slime:5  | Identified the +3 ring mail of Ihomm {rF++ Dex+3}
 47709 | Zot:1    | Entered Level 1 of the Realm of Zot
 47959 | Zot:1    | Reached XP level 24. HP: 68/241 MP: 26/26
 47972 | Zot:1    | HP: 11/313 [purple draconian shifter/bolt of dispelling
                  | energy[a yellow draconian annihilator] (36)]
 48552 | Zot:2    | Found a stormy altar of Qazlal.
 48566 | Zot:2    | Learned a level 1 spell: Apportation
 48847 | Zot:3    | Noticed a dread lich
 48867 | Zot:3    | Noticed an ancient lich
 48878 | Zot:3    | Killed an ancient lich
 48888 | Zot:3    | Killed a dread lich
 49397 | Zot:3    | Found the +4 dragonskin cloak {Aegis}
 49397 | Zot:3    | Noticed Tiamat
 49466 | Zot:3    | Killed Tiamat
 50023 | Zot:4    | Noticed an orb of fire
 50026 | Zot:4    | Gained mutation: Your magical capacity is low. (-10% MP)
                  | [an orb of fire]
 50029 | Zot:4    | Gained mutation: Armour fits poorly on your strangely
                  | shaped body. [an orb of fire]
 50034 | Zot:4    | Killed an orb of fire
 50035 | Zot:4    | Reached skill level 15 in Fighting
 50123 | Zot:4    | Identified the ring "Wirra" {Ice +Blink rElec Int+3 Stlth-}
 50123 | Zot:4    | Noticed Josephina
 50140 | Zot:4    | Killed Josephina
 50181 | Zot:4    | Found a transporter.
 50183 | Zot:4    | Found a transporter.
 50185 | Zot:4    | Found a transporter.
 50238 | Zot:4    | Found a transporter.
 50314 | Zot:4    | Upgraded the game from 0.32-a0-928-g1cae6b7ea0 to
                  | 0.32-a0-933-ga8fa3634e4
 50317 | Zot:4    | Noticed Vv
 50337 | Zot:4    | Killed Vv
 51545 | Zot:4    | Got the Tome of the Evil Summer
 51714 | Zot:5    | Entered Level 5 of the Realm of Zot
 52172 | Zot:5    | Reached XP level 25. HP: 253/253 MP: 24/24
 52230 | Zot:5    | Noticed an orb of fire
 52230 | Zot:5    | Noticed an ancient lich
 52232 | Zot:5    | Noticed a Killer Klown
 52441 | Zot:5    | Noticed an orb of fire
 52442 | Zot:5    | Gained mutation: You are weak. (Str -2) [an orb of fire]
 52444 | Zot:5    | Killed an orb of fire
 52452 | Zot:5    | Killed an ancient lich
 52601 | Zot:5    | Noticed a Killer Klown
 52606 | Zot:5    | Noticed an orb of fire
 52608 | Zot:5    | Gained mutation: Your body sometimes deteriorates upon
                  | taking damage. [an orb of fire]
 52608 | Zot:5    | Gained mutation: You occasionally lose the ability to drink
                  | potions when taking damage. [an orb of fire]
 52613 | Zot:5    | Gained mutation: You are frail. (-10% HP) [an orb of fire]
 52621 | Zot:5    | Killed an orb of fire
 52631 | Zot:5    | Noticed a dread lich
 52633 | Zot:5    | Killed a Killer Klown
 52642 | Zot:5    | Killed a dread lich
 52674 | Zot:5    | Lost mutation: You occasionally lose the ability to drink
                  | potions when taking damage. [potion of mutation]
 52674 | Zot:5    | Lost mutation: You are frail. (-10% HP) [potion of
                  | mutation]
 52674 | Zot:5    | Lost mutation: Your magical capacity is low. (-10% MP)
                  | [potion of mutation]
 52674 | Zot:5    | Gained mutation: Your system is resistant to poisons.
                  | (rPois) [potion of mutation]
 52729 | Zot:5    | Noticed a dread lich
 52730 | Zot:5    | Noticed a dread lich
 52739 | Zot:5    | Killed a dread lich
 52746 | Zot:5    | Killed a dread lich
 52778 | Zot:5    | Noticed an ancient lich
 52785 | Zot:5    | Killed an ancient lich
 53082 | Zot:5    | Killed a Killer Klown
 53274 | Zot:5    | Noticed a dread lich
 53278 | Zot:5    | Killed a dread lich
 53312 | Zot:5    | Got the Orb of Zot
 53682 | D:12     | Noticed Ziparutynt the pandemonium lord
 53684 | D:12     | Gained mutation: You are frail. (-10% HP) [a neqoxec]
 53778 | D:8      | Gained mutation: You occasionally lose the ability to read
                  | scrolls when taking damage. [a neqoxec]
 53819 | D:6      | Noticed a seraph
 53904 | D:1      | Noticed Unijyr the pandemonium lord
 53910 | D:$      | Escaped with the Orb!

Illustrated notes

Levels and vault maps discovered:
D:1:      elethiomel_arrival_infinity_welcomes_careful_drivers, layout_basic
D:2:      layout_loops_ring, nicolae_eternal_life, nicolae_elevator_lobby_plus
D:3:      cheibrodos_thug_alley, layout_loops_ring, general_overflow_altar,
          kennysheep_jessica_study
D:4:      layout_basic, enter_ossuary_5, st_stairs_12, kennysheep_generic_room_2
D:5:      layout_loops_corners, amcnicky_altar_gilded,
          chequers_temple_overflow_statue_of_worship,
          minmay_temple_entry_statues_fountains, serial_library_hellmonk_u_bend,
          dreamdust_wishing_well
D:6:      layout_basic, lemuel_coloured_pillars_altar, lemuel_round_altar,
          kennysheep_pointless_box
D:7:      minmay_blocky_corners, layout_basic, mainiacjoe_overflow_alcove_4,
          minmay_joined_circles
D:8:      layout_basic, nicolae_ru_great_annihilating_truth, lair_entry_dummy,
          gammafunk_ghost_icy, nicolae_grassy_gnolls, uniq_psyche
D:9:      layout_basic, hiddenorc2_lemuel, serial_shops,
          nicolae_shop_tiny_glass, kennysheep_generic_room_3
D:10:     layout_basic, mainiacjoe_overflow_six_doors_small, serial_glass,
          glass_columns_a, glass_columns_b, glass_columns_a, glass_columns_c,
          minmay_crystal_water
D:11:     layout_cave_pods, serial_park, serial_park_tiny_1, serial_park_central
          [serial_park_minivault_5x5_7, serial_park_minivault_5x5_2],
          serial_park_tiny_pond, serial_park_square3
          [serial_park_minivault_5x5_7], hangedman_decor_push
D:12:     layout_gridville, vehumet_statue, uniq_rupert, uniq_nessos,
          uniq_frances
D:13:     layout_roguey, minmay_librarian
D:14:     layout_loops_cross, hellmonk_vaults_order_and_chaos,
          regret_index_xom_buried_treasure, serial_shops, shop
D:15:     gammafunk_enter_depths_forms, layout_basic, minmay_misc_feat_alley,
          minmay_misc_feat_cross
Temple:   cyrus_circular_temple
Lair:1:   layout_loops_ring, serial_bayou_shore_a, lemuel_fruit_fields
Lair:2:   layout_gridlike, minmay_swamp_entry_swarm,
          nicolae_snake_entry_warm_welcome, gammafunk_ghost_grave, uniq_amaemon
Lair:3:   dragon1_lemuel, layout_misc_corridors, wad_woods_06,
          lemuel_fruit_tree, grunt_megastairs_5, uniq_snorg
Lair:4:   layout_regular_city, portal_ice_cave_rime,
          nicolae_quartered_pool_impasse, grunt_forest_large_clearings,
          uniq_urug
Lair:5:   hellmonk_lair_end_abyssal_woods, layout_cave_pods, slime_entry_2,
          gammafunk_ghost_arena
Swamp:1:  layout_falls_marsh, serial_swamp_ruin, evilmike_swamp_ruin_rubble_2,
          hangedman_swamp_ruin_wall, evilmike_swamp_ruin_house_2,
          infiniplex_staircase_pool
Swamp:2:  layout_basic_swamp, nicolae_swamp_trees_clearing, swamp_pool_5,
          nicolae_swamp_tree_isthmus
Swamp:3:  layout_basic_swamp, hangedman_swamp_lotus
Swamp:4:  swamp, layout_basic_swamp, swamp_pool_3, uniq_mlioglotl, uniq_mara
Snake:1:  layout_onion, serial_shops, shop, serial_bayou_lagoon_b
Snake:2:  layout_cave_town, grunt_ministairs_15, nicolae_snake_flat_spine
Snake:3:  layout_misc_corridors, drop_trap, nicolae_snake_biting_tails,
          grunt_ministairs_11, nicolae_snake_yet_another_twisty_hallway
Snake:4:  johnstein_snake_rune_scales, layout_layer_cave
Slime:1:  layout_caves
Slime:2:  layout_caves, basic_altar, uniq_donald
Slime:3:  layout_caves
Slime:4:  nicolae_slime_jelly_donut, layout_caves,
          cheibrodos_slime_lost_civilization_5
Slime:5:  slime_pit_nicolae_jellycorners
Orc:1:    layout_diamond_mine, serial_shops, shop, uniq_sonja
Orc:2:    grunt_orc_community_town_hall, layout_diamond_mine,
          grunt_orc_community_big_house_1, grunt_orc_community_big_house_1,
          grunt_orc_community_house_1, grunt_orc_community_house_1,
          grunt_orc_community_house_2, grunt_orc_community_house_2,
          grunt_orc_community_house_2, serial_shops, nicolae_shop_behind_doors,
          gammafunk_ghost_fury_of_okawaru
Elf:1:    layout_geoelf_grid, serial_shops, shop, shop,
          nicolae_shop_hallway_plus, hangedman_elf_disciples, uniq_roxanne,
          uniq_agnes
Elf:2:    elven_hall_of_blades_hangedman_alternative
          [nooodl_blade_entry_preview], layout_loops_corners, minmay_shoptagon
Elf:3:    minmay_elf_hall_furrowed, layout_geoelf_castle,
          infiniplex_enter_wizlab_glasses, serial_corexii_hall,
          corexii_hall_statues_t, chequers_hall_statues_wall_a, uniq_saint_roka
Vaults:1: nicolae_vaults_shipping_containers_6, v_misc_2,
          nicolae_vaults_three_branches, nicolae_vaults_ring_of_whatevers,
          vaults_mumra_hexcomb, vaults_dpeg_doors,
          nicolae_vaults_closet_pinwheel_6, v_misc_10, nicolae_vaults_theta,
          nicolae_vaults_surprise_closet, vaults_dpeg_hooks,
          nicolae_vaults_oval_intersection, layout_vaults_omnicross,
          serial_shops, shop
Vaults:2: hangedman_vaults_stagger, v_misc_11, nicolae_vaults_little_squares_5,
          v_alt_pattern_2, v_misc_4, grunt_vaults_swirl,
          nicolae_vaults_sightless_eye, nicolae_vaults_asterisk,
          vaults_dpeg_emergency_exit, v_alt_pattern_3,
          nicolae_vaults_statue_guard, layout_vaults_omnigrid, serial_shops,
          shop_fountains
Vaults:3: ontoclasm_vaults_gateway, minmay_crypt_entry_nasty_monster,
          ontoclasm_vaults_shuriken, nicolae_vaults_house_3, v_misc_11,
          hangedman_vaults_impose, nicolae_vaults_diamond_1,
          grunt_vaults_diagonal, ontoclasm_vaults_shout,
          nicolae_vaults_closet_pinwheel_2, vaults_dpeg_ring,
          layout_vaults_chaotic_city
Vaults:4: nicolae_vaults_house_2, kennysheep_vaults_gozag_temple, v_misc_1,
          nicolae_vaults_little_squares_1, lemuel_angel_altar,
          nicolae_vaults_tetromino_T_2, nicolae_vaults_surprise_closet,
          nicolae_vaults_diamond_1, nicolae_vaults_ring_of_whatevers,
          layout_vaults_omnibox
Depths:1: layout_basic, rand_demon_pan_entry_7, pf_hell_entry_tar_spiral,
          dilly_guarded_unrand_elemental_staff, minmay_shop_star,
          uniq_enchantress
Depths:2: minmay_diamond_stairs, layout_basic, hell_entry, pan_entry,
          enter_trove_1, abyss_entry, serial_bayou_shore_b,
          infiniplex_staircase_pool_2
Depths:3: kennysheep_large_spiral, layout_cave_shapes, enter_ziggurat_d,
          pan_entry, hangedman_decor_clover_reticule, pf_coc_iceberg,
          abyss_entry_crystal, nicolae_shop_vocational, uniq_frederick
Depths:4: grunt_zot_entry_pinwheel, layout_basic, abyss_entry,
          serial_bayou_pond_a, grunt_pan_entry_in_and_out, hangedman_geh_valley,
          uniq_xtahua, uniq_grunn, uniq_sojobo
Zot:1:    layout_misc_corridors, regret_index_zotdec_banners
Zot:2:    layout_misc_corridors, regret_index_zotdec_storm_pass
Zot:3:    hellmonk_crystal_mountain, layout_twisted_circle, uniq_tiamat
Zot:4:    layout_misc_corridors, nicolae_diode_quadrants, uniq_josephina,
          uniq_vv
Zot:5:    layout_gridlike, regret_index_zotdec_slimy_original

Skill      XL: |  1  2  3  4  5  6  7  8  9 10 11 12 13 14 15 16 17 18 19 20 21 22 23 24 25 |
---------------+----------------------------------------------------------------------------+-----
Shields        | 3 4 5 6 7 9 10 11 12 13 16 17 18 19 | 19.9
Unarmed Combat | 3 4 5 6 7 8 10 11 13 15 16 18 19 20 21 22 23 | 23.1
Dodging        | 3 4 5 6 7 8 9 |  9.9
Fighting       | 3 4 5 6 7 8 9 10 11 12 13 14 15 16 | 16.4
Translocations | 1 2 3 4 5 |  5.6
Spellcasting   | 1 2 3 |  3.3
Evocations     | 2 |  2.0
Shapeshifting  | 10 12 16 17 20 21 22 23 | 23.3
Throwing       | 3 5 |  5.5

Action                     |  1- 3 |  4- 6 |  7- 9 | 10-12 | 13-15 | 16-18 | 19-21 | 22-24 | 25-27 || total
---------------------------+-------+-------+-------+-------+-------+-------+-------+-------+-------++-------
  Melee: Unarmed           |    99 |   124 |   223 |   681 |  1235 |   800 |  1101 |  1434 |   174 ||  5871
         Punch             |       |       |       |       |       |     1 |       |       |       ||     1
  Throw: Dart              |       |     4 |     9 |    16 |    25 |    11 |       |       |       ||    65
         Boomerang         |       |     1 |       |       |       |       |       |     2 |       ||     3
 Invoke: Serpent's Lash    |       |       |       |       |     2 |     6 |     9 |     3 |     4 ||    24
         Heavenly Storm    |       |       |       |       |       |     1 |     1 |     2 |       ||     4
Ability: Lunge             |       |       |     3 |    53 |    92 |    79 |    72 |   105 |    15 ||   419
         Whirlwind         |       |       |       |    15 |    15 |    14 |   300 |   340 |    24 ||   708
         Wall Jump         |       |       |       |       |       |       |     3 |     3 |       ||     6
  Evoke: Wand              |       |       |       |    12 |    27 |    19 |     5 |       |     2 ||    65
         Condenser vane    |       |       |       |       |     2 |     1 |     3 |     1 |       ||     7
         Box of beasts     |       |       |       |       |       |     1 |     1 |     2 |       ||     4
    Use: Scroll            |       |     8 |     4 |     8 |    10 |    10 |    12 |    14 |     4 ||    70
         Potion            |       |     1 |     3 |       |     5 |     4 |     6 |    17 |     3 ||    39
   Stab: Sleeping          |     2 |     1 |       |     9 |     9 |     4 |     8 |    10 |     1 ||    44
         Paralysed         |       |       |       |     1 |       |       |       |       |       ||     1
         Invisible         |       |       |       |     1 |     3 |       |     1 |       |       ||     5
         Distracted        |       |       |       |       |     1 |       |     3 |     7 |       ||    11
 Armour: Robe              |    35 |    76 |   149 |   280 |   438 |   287 |    43 |       |       ||  1308
         Skin              |       |       |       |       |    14 |       |   514 |   942 |    81 ||  1551
  Dodge: Dodged            |    28 |    27 |    67 |   167 |   230 |   124 |   234 |   503 |    25 ||  1405
  Block: Kite shield       |    33 |    43 |    93 |   348 |   648 |   194 |       |       |       ||  1359
         Reflection        |       |       |       |    12 |    71 |    88 |    54 |    48 |     3 ||   276
         Tower shield      |       |       |       |       |       |   365 |  1271 |  1727 |   181 ||  3544
   Form: Statue            |       |       |       |       |       |       |     1 |     1 |       ||     2
                           |       |       |       |       |       |       |       |     1 |       ||     1

Table legend: (Time is in decaauts)
 A = Elapsed time spent in this place.
 B = Non-inter-level travel time spent in this place.
 C = Inter-level travel time spent in this place.
 D = Time resting spent in this place.
 E = Time spent auto-exploring this place.
 F = Levels seen in this place.
 G = Mean time per level.
                   A        B        C        D        E       F      G
               +--------+--------+--------+--------+--------+-----+--------+
         Total |  63564 |  56209 |   7355 |   7351 |  31372 |  55 | 1155.7 |
       Dungeon |  16352 |  13545 |   2807 |   1136 |   8962 |  15 | 1090.1 |
        Temple |     22 |      2 |     20 |      0 |      0 |   1 |   22.0 |
          Lair |   7345 |   6190 |   1155 |   1003 |   3226 |   5 | 1469.0 |
         Swamp |   2840 |   2696 |    144 |    381 |   1421 |   4 |  710.0 |
     Snake Pit |   5511 |   5169 |    342 |   1026 |   2262 |   4 | 1377.8 |
    Slime Pits |    907 |    818 |     89 |    132 |      0 |   5 |  181.4 |
  Orcish Mines |   2449 |   2105 |    344 |    230 |   1072 |   2 | 1224.5 |
   Elven Halls |   5099 |   4854 |    245 |    315 |   3018 |   3 | 1699.7 |
        Vaults |   6966 |   6563 |    403 |    291 |   5157 |   4 | 1741.5 |
        Depths |   7475 |   6160 |   1315 |    694 |   3856 |   4 | 1868.8 |
           Zot |   7080 |   6593 |    487 |   1859 |   2041 |   5 | 1416.0 |
       Ossuary |    395 |    395 |      0 |     50 |    139 |   1 |  395.0 |
      Ice Cave |    431 |    431 |      0 |    162 |     21 |   1 |  431.0 |
        Wizlab |    688 |    688 |      0 |     70 |    196 |   1 |  688.0 |
               +--------+--------+--------+--------+--------+-----+--------+

Top non-repeatable levels by time:
Depths:4: 2808 daAuts
   Zot:5: 2419 daAuts
   Elf:3: 2145 daAuts
  Lair:2: 1999 daAuts
Vaults:3: 1988 daAuts
   Orc:2: 1942 daAuts
   Zot:3: 1906 daAuts
Vaults:2: 1895 daAuts
 Snake:4: 1876 daAuts
Depths:3: 1847 daAuts
  Lair:5: 1762 daAuts
   Elf:2: 1676 daAuts
Vaults:1: 1652 daAuts
 Snake:3: 1572 daAuts
Depths:1: 1510 daAuts
